 Dungeon Crawl Stone Soup version 0.29.1-12-g30fa7ad0bf (webtiles) character file.

Game seed: 12587356096997129789

625 MisterFreud the Shield-Bearer (level 7, -3/50 HPs)
             Began as a Formicid Gladiator on Dec 15, 2022.
             Slain by a gnoll
             ... wielding a +0 halberd
              (8 damage)
             ... on level 5 of the Dungeon.
             The game lasted 00:05:07 (5334 turns).

MisterFreud the Shield-Bearer (Formicid Gladiator)  Turns: 5334, Time: 00:05:08

Health: -3/50      AC:  6    Str: 20    XL:     7   Next: 76%
Magic:  7/7        EV: 10    Int: 14    God:
Gold:   170        SH: 15    Dex: 15    Spells: 6/6 levels left

rFire   + . .      SeeInvis +   a - +1 quarterstaff
rCold   . . .      Faith    .   n - +0 tower shield
rNeg    . . .      Spirit   .   b - +0 leather armour
rPois   .          Reflect  .   (helmet unavailable)
rElec   .          Harm     .   g - +0 cloak
rCorr   .          Rampage  .   s - +0 pair of gloves
Will    .....                   m - +0 pair of boots
Stlth   +.........              (no amulet)
HPRegen 0.16/turn               o - +6 ring of intelligence
MPRegen 0.10/turn               j - ring of protection from fire

@: no status effects
A: permanent stasis, dig shafts and tunnels, antennae 3, four strong arms
a: Dig, Shaft Self


You were on level 5 of the Dungeon.
You visited 2 branches of the dungeon, and saw 6 of its levels.

You collected 233 gold pieces.
You spent 63 gold pieces at shops.

Inventory:

Hand Weapons
 a - a +1 quarterstaff (weapon)
Missiles
 c - 3 throwing nets (quivered)
 d - a javelin
 h - 11 boomerangs
 i - 6 datura-tipped darts
 w - 6 poisoned darts
Armour
 b - a +0 leather armour (worn)
 g - a +0 cloak (worn)
 m - a +0 pair of boots (worn)
 n - a +0 tower shield (worn)
 s - a +0 pair of gloves (worn)
Jewellery
 j - a ring of protection from fire (right hand)
 o - a +6 ring of intelligence (left hand)
 v - a ring of magical power
Scrolls
 t - a scroll of poison
 x - a scroll of amnesia
Potions
 e - 2 potions of might
 f - 3 potions of degeneration
 k - a potion of resistance
 l - 2 potions of heal wounds
 p - a potion of lignification {unknown}
 q - 2 potions of mutation
 r - 2 potions of curing
 u - 2 potions of invisibility
 z - a potion of magic {unknown}


   Skills:
 - Level 2.1 Fighting
 - Level 6.0 Staves
 - Level 2.0 Throwing
 - Level 2.6 Dodging
 + Level 7.5 Shields


You had 6 spell levels left.
You didn't know any spells.
Your spell library was empty.

Dungeon Overview and Level Annotations

Branches:
Dungeon (5/15)             Temple (1/1) D:5

Altars:
Hepliaklqana
Ru
Sif Muna

Shops:
D:2 [


Innate Abilities, Weirdness & Mutations

You cannot be hasted, slowed, berserked, paralysed or teleported.
You can dig through walls and to a lower floor.
You have a pair of large antennae on your head. (SInv)
Your four strong arms can wield two-handed weapons with a shield.


Message History

The gnoll is heavily wounded.
You block the gnoll's attack.
A gnoll comes into view. It is wielding a +0 flail.
The gnoll hits you with a +2 halberd of venom!
You are poisoned.
You hit the gnoll.
The gnoll is heavily wounded.
You feel very sick.
The gnoll hits you with a +2 halberd of venom.
You hit the gnoll.
The gnoll is severely wounded.
You feel sick. You block the gnoll's attack.
You hit the gnoll.
The gnoll is almost dead.
You feel sick. You block the gnoll's attack.
The gnoll hits you with a +2 halberd of venom.
You are more poisoned.
You block the gnoll's attack.
The gnoll hits you from afar with a +0 halberd!
You feel better. The gnoll closely misses you. You block the gnoll's attack.
You sock the gnoll!
You kill the gnoll!
The gnoll hits you from afar with a +0 halberd!
You block the gnoll's attack. x2
Things that are here:
a +2 halberd of venom; a +0 halberd You hit the gnoll but do no damage.
You block the gnoll's attack. x2
You hit the gnoll.
The gnoll is moderately wounded.
The gnoll hits you from afar with a +0 halberd!
* * * LOW HITPOINT WARNING * * *
A gnoll comes into view. It is wielding a +0 flail.
You block the gnoll's attack.
You barely miss the gnoll.
The gnoll is moderately wounded.
You block the gnoll's attack. The gnoll hits you with a +0 flail.
* * * LOW HITPOINT WARNING * * *
The gnoll closely misses you.
The gnoll hits you from afar with a +0 halberd!
You die...

###...## #.###......... #....#
#..#.......... #....##
#............. #.....#######
#............
#.....#.....#######............
#.......#......................
#......##...#...#..............
#.......#...#.⌠.#..............
#.......#.###.@.###............
#...........gg.................
#.......g..⌠..>..⌠.............
#................(...............
##..........###...###............
##...........#.⌠.# ...####....##
##.....(....#...# ..## ####..
##............... #...
#.........####### #...


You could see 3 gnolls.

Vanquished Creatures
  A water moccasin (D:5)
  A phantom (D:4)
  3 hounds (D:4)
  An orc priest (D:3)
  Terence (D:3)
  An iguana (D:4)
  2 orc wizards
  4 adders
  5 gnolls
  2 ufetubi
  3 worms
  3 dart slugs
  11 orcs
  6 bats
  4 endoplasms
  6 giant cockroaches
  5 goblins
  10 hobgoblins
  8 jackals
  8 kobolds
  4 quokkas
  10 ball pythons
  4 frilled lizards
  4 rats
107 creatures vanquished.

Vanquished Creatures (collateral kills)
  A dart slug (D:2)
1 creature vanquished.

Grand Total: 108 creatures vanquished

Notes
Turn   | Place    | Note
-------+----------+-------------------------------------------
     0 | D:1      | MisterFreud the Formicid Gladiator began the quest for the
                  | Orb.
     0 | D:1      | Reached XP level 1. HP: 16/16 MP: 1/1
    95 | D:1      | Reached XP level 2. HP: 21/22 MP: 2/2
   177 | D:1      | Found a faded altar of an unknown god.
   287 | D:1      | Reached XP level 3. HP: 14/27 MP: 3/3
  1154 | D:2      | Reached XP level 4. HP: 31/33 MP: 4/4
  1384 | D:2      | Found Pylateng's Armour Shop.
  1392 | D:2      | Bought a +0 tower shield for 63 gold pieces
  1493 | D:2      | Reached skill level 1 in Shields
  2324 | D:3      | Noticed Terence
  2340 | D:3      | Killed Terence
  2341 | D:3      | Reached skill level 5 in Staves
  2341 | D:3      | Reached skill level 2 in Shields
  2341 | D:3      | Reached XP level 5. HP: 19/38 MP: 5/5
  2682 | D:3      | Reached skill level 3 in Shields
  3116 | D:3      | Reached XP level 6. HP: 43/44 MP: 6/6
  3589 | D:4      | Reached skill level 4 in Shields
  3758 | D:4      | Reached skill level 5 in Shields
  3758 | D:4      | Reached XP level 7. HP: 34/50 MP: 7/7
  4168 | D:4      | Found a hazy altar of Hepliaklqana.
  4168 | D:4      | Found a shimmering blue altar of Sif Muna.
  4182 | D:4      | Found a sacrificial altar of Ru.
  4216 | D:4      | Reached skill level 6 in Shields
  4287 | D:5      | Entered Level 5 of the Dungeon
  4300 | D:5      | Noticed a water moccasin
  4315 | D:5      | Killed a water moccasin
  4316 | D:5      | Reached skill level 7 in Shields
  4519 | D:5      | Found a staircase to the Ecumenical Temple.
  4574 | Temple   | Entered the Ecumenical Temple
  5334 | D:5      | Slain by a gnoll

Illustrated notes

Levels and vault maps discovered:
D:1:      nicolae_arrival_somewhat_less_tricky_arrival, layout_rooms,
          basic_ecumenical_altar
D:2:      layout_loops_corners, serial_shops, shop, minmay_pentomino_v4
D:3:      layout_basic, uniq_terence
D:4:      layout_rooms, nicolae_overflow_two_pavilions,
          nicolae_ru_sacrificial_ziggurat, hex_intersection
D:5:      layout_cave_pods, nicolae_uskayaw_murder_on_the_dancefloor,
          mainiacjoe_overflow_alcove_1, minmay_temple_entry_junction_2,
          serial_shops, shop
Temple:   jpeg_temple_island

Skill      XL: |  1  2  3  4  5  6  7 |
---------------+----------------------+-----
Staves         | 4 5 6 |  6.0
Shields        | 2 3 5 7 |  7.5
Fighting       | |  2.1
Throwing       | |  2.0
Dodging        | |  2.6

Action                   |  1- 3 |  4- 6 |  7- 9 || total
-------------------------+-------+-------+-------++-------
Melee: Quarterstaff      |    82 |   186 |    86 ||   354
  Use: Scroll            |     6 |     6 |     4 ||    16
       Potion            |       |       |     1 ||     1
 Stab: Sleeping          |     1 |     1 |       ||     2
       Distracted        |     1 |       |       ||     1
Armor: Leather armour    |    26 |    69 |    20 ||   115
Dodge: Dodged            |    61 |    85 |    49 ||   195
Block: Tower shield      |       |   144 |   102 ||   246
